 Dungeon Crawl Stone Soup version 0.23-a0-650-ga4d50d4 (webtiles) character file.

891 fuxom the Chopper (level 8, -15/63 HPs)
             Began as a Formicid Chaos Knight on Jan 4, 2019.
             Was a Plaything of Xom.
             Demolished by Grinder the sun demon (19 damage)
             ... on level 6 of the Dungeon.
             The game lasted 00:08:33 (4178 turns).

fuxom the Chopper (Formicid Chaos Knight)           Turns: 4178, Time: 00:08:34

Health: -15/63     AC: 12    Str: 19    XL:     8   Next: 27%
Magic:  8/8        EV:  7    Int: 12    God:    Xom [.*....]
Gold:   1801       SH:  0    Dex: 10    Spells: 7/7 levels left

rFire    . . .     SeeInvis +   a - +1 hand axe (chaos)
rCold    . . .     Gourm    .   (no shield)
rNeg     . . .     Faith    .   q - +1 chain mail
rPois    .         Spirit   .   (helmet unavailable)
rElec    .         Reflect  .   (no cloak)
rCorr    .         Harm     .   s - +0 pair of gloves
MR       .....                  (no boots)
Stlth    ..........             (no amulet)
HPRegen  0.20/turn              d - ring of attention (curse)
MPRegen  0.11/turn              f - ring of teleportation (curse)

@: no status effects
A: permanent stasis, dig shafts and tunnels, four strong arms, antennae 3
a: Dig, Shaft Self, Renounce Religion


You were on level 6 of the Dungeon.
You worshipped Xom.
You were a plaything of Xom.
You were hungry.

You visited 1 branch of the dungeon, and saw 6 of its levels.

You collected 1801 gold pieces.

Inventory:

Hand Weapons
 a - a +1 hand axe of chaos (weapon)
Armour
 b - a +2 leather armour
 q - a +1 chain mail (worn)
 s - a +0 pair of gloves (worn)
Jewellery
 d - a cursed ring of attention (left hand)
 e - an uncursed ring of ice
 f - a cursed ring of teleportation (right hand)
 A - an uncursed ring of protection from magic {unknown}
Scrolls
 g - a scroll of magic mapping
 i - a scroll of fear
 l - a scroll of immolation
 n - a scroll of enchant weapon
 o - 5 scrolls of identify
 w - 2 scrolls of amnesia
 y - a scroll of fog {unknown}
Potions
 h - a potion of degeneration {unknown}
 j - 2 potions of brilliance
 k - a potion of mutation {unknown}
 m - a potion of magic {unknown}
 p - 3 potions of curing
 r - a potion of heal wounds {unknown}
 t - a potion of agility {unknown}
 u - a potion of haste {unknown}
 v - 2 potions of might
 x - a potion of flight {unknown}
Comestibles
 c - 15 rations


   Skills:
 + Level 5.5 Fighting
 + Level 7.3 Axes
 + Level 4.9 Armour
 - Level 0.8 Dodging
 - Level 0.8 Stealth


You had 7 spell levels left.
You didn't know any spells.
Your spell library contained the following spells:

 Spells                   Type           Power        Failure   Level  Hunger
 Sandblast                Erth           #.....       98%         1    ##.....
 Passwall                 Tmut/Erth      #.......     99%         2    ###....
 Gell's Gravitas          Tloc           #.........   100%        3    ####...
 Portal Projectile        Hex/Tloc       #.....       100%        3    ####...
 Stone Arrow              Conj/Erth      #.....       100%        3    ####...
 Force Lance              Conj/Tloc      #.......     100%        4    #####..
 Petrify                  Tmut/Erth      #.......     100%        4    #####..
 Lee's Rapid Deconstruct  Erth           #.........   100%        5    ######.
 Dispersal                Tloc           #.........   100%        6    #######
 Disjunction              Tloc           #.........   100%        8    #######
 Controlled Blink         Tloc           Unusable     N/A         8    N/A

Dungeon Overview and Level Annotations

Branches:
Dungeon (6/15)             Temple (0/1) D:4

Altars:
Fedhas
Gozag
Makhleb
Nemelex Xobeh
Okawaru
Ru
Trog
Xom

Annotations:
D:6 Grinder


Innate Abilities, Weirdness & Mutations

You cannot be hasted, slowed, berserked, paralysed or teleported.
You can dig through walls and to a lower floor.
Your four strong arms can wield two-handed weapons with a shield.
You have a pair of large antennae on your head. (SInv)


Message History

Grinder hits you!!
You are engulfed in flames!
* * * LOW HITPOINT WARNING * * *
You are too injured to fight recklessly!
You are too injured to fight recklessly!
You are too injured to fight recklessly!
You are too injured to fight recklessly!
Unknown command.
Okay, then.
Okay, then.
Okay, then.
You aren't carrying any items that you can evoke.
Put on which piece of jewellery? (? for menu, Esc to quit)
Okay, then.
Quiver which item? (- for none, * to show all) (? for menu, Esc to quit)
Okay, then.
Okay, then.
Are you sure you want to shaft yourself?
You feel quite a bit more hungry. Grinder hits you!!
You die...
Xom chuckles heartily!

.........
.##.#######.#....##
............>.....#
......#.##.?......#
..............#.#)#
...........#.#...#
#.....##.#....(.#
#...........##
#3@.!.#.....####
#...!..#####.#((...#
....###.# #.#...#.#
... #.# #.###.#.# .
#.. ..#.....# ###
###.#.### #.#.#####
#.#.#...# ..#.#.#.#


You could see Grinder the sun demon.

Vanquished Creatures
  An ice beast (D:5)
  A centaur (D:6)
  3 scorpions
  A howler monkey (D:4)
  4 crimson imps (D:5)
  A bullfrog zombie (D:5)
  A centaur skeleton (D:5)
  An orc priest (D:5)
  An iguana (D:4)
  An orc wizard (D:5)
  3 worker ants
  A hound zombie (D:5)
  A hound skeleton (D:6)
  8 adders
  An ooze (D:2)
  2 adder skeletons
  2 worms
  4 dart slugs
  A leopard gecko (D:4)
  7 orcs
  5 bats
  2 giant cockroaches
  6 hobgoblins
  8 jackals (D:1)
  2 quokkas (D:5)
  4 ball pythons
  5 frilled lizards
  6 goblins
  A jackal skeleton (D:4)
  5 kobolds
  A leopard gecko skeleton (D:4)
  2 quokka skeletons (D:5)
  3 rats
95 creatures vanquished.

Notes
Turn   | Place    | Note
-------+----------+-------------------------------------------
     0 | D:1      | fuxom the Formicid Chaos Knight began the quest for the
                  | Orb.
     0 | D:1      | Reached XP level 1. HP: 18/18 MP: 1/1
   130 | D:1      | XOM: divination: detect creatures
   213 | D:1      | Reached XP level 2. HP: 22/24 MP: 2/2
   253 | D:1      | XOM: harmless Ice miscast
   425 | D:1      | XOM: god gift: 11 stones
   443 | D:1      | Reached XP level 3. HP: 29/30 MP: 3/3
   644 | D:2      | Found a bloodstained altar of Trog.
   647 | D:2      | Found a shimmering altar of Xom.
   716 | D:2      | XOM: god gift: lajatang {god gift}
   979 | D:2      | Found a burning altar of Makhleb.
   979 | D:2      | Found a blossoming altar of Fedhas.
   981 | D:2      | Found an opulent altar of Gozag.
   982 | D:2      | Found an iron altar of Okawaru.
   987 | D:2      | Reached XP level 4. HP: 37/37 MP: 4/4
   988 | D:2      | Reached skill level 4 in Axes
  1371 | D:2      | Found a sparkling altar of Nemelex Xobeh.
  1447 | D:2      | Found a sacrificial altar of Ru.
  1934 | D:3      | Reached XP level 5. HP: 38/42 MP: 5/5
  2387 | D:4      | XOM: confuse monster(s)
  2407 | D:4      | XOM: fog
  2434 | D:4      | Reached skill level 5 in Axes
  2434 | D:4      | Reached XP level 6. HP: 32/49 MP: 6/6
  2444 | D:4      | XOM: god gift: 1550 gold pieces
  2511 | D:4      | Found a staircase to the Ecumenical Temple.
  2546 | D:4      | Found a sparkling altar of Nemelex Xobeh.
  3194 | D:5      | Entered Level 5 of the Dungeon
  3209 | D:5      | Reached XP level 7. HP: 47/55 MP: 7/7
  3356 | D:5      | XOM: destruction
  3359 | D:5      | Reached skill level 6 in Axes
  3453 | D:5      | XOM: potion effect (brilliance)
  3464 | D:5      | XOM: potion effect (curing)
  3466 | D:5      | Reached skill level 5 in Fighting
  3720 | D:5      | XOM: scenery: create altars
  3721 | D:5      | Reached XP level 8. HP: 56/62 MP: 8/8
  3806 | D:5      | Reached skill level 7 in Axes
  4135 | D:6      | XOM: scenery: create altars
  4171 | D:6      | Noticed Grinder
  4175 | D:6      | Noticed Grinder
  4175 | D:6      | Grinder changed into Grinder the sun demon
  4175 | D:6      | XOM: polymorph Grinder -> Grinder the sun demon
  4178 | D:6      | Demolished by Grinder the sun demon

Vault maps used:
D:1:      matt_arrival_diagonals, minmay_pentomino_v4
D:2:      nicolae_ru_path_of_blood, grunt_temple_overflow_open,
          nemelex_altar_shiori
D:3:      first_ration, minmay_close_crescents
D:4:      overflow_temple_1_default, temple_fountains
D:6:      kennysheep_little_box, okawaru_gym_becter, uniq_grinder

Skill      XL: |  1  2  3  4  5  6  7  8 |
---------------+-------------------------+-----
Fighting       | 4 5 |  5.5
Axes           | 4 5 6 7 |  7.3
Armour         | 3 4 |  4.9
Dodging        | |  0.8
Stealth        | |  0.8

Action                   |  1- 3 |  4- 6 |  7- 9 || total
-------------------------+-------+-------+-------++-------
Melee: Hand axe          |    67 |   155 |    92 ||   314
 Abil: Shaft Self        |       |       |     1 ||     1
  Use: Potion            |     4 |       |       ||     4
       Scroll            |       |     6 |     5 ||    11
 Stab: Paralysed         |     1 |       |     4 ||     5
  Eat: Chunk             |       |     7 |     3 ||    10
Armor: Leather armour    |    26 |     4 |       ||    30
       Chain mail        |       |    69 |    47 ||   116
Dodge: Dodged            |    50 |    58 |    41 ||   149

Table legend:
 A = Non-vault XP
 B = Vault XP
 C = Vault XP percentage of total XP
 D = Non-vault monster count
 E = Vault monster count
 F = Vault count percentage of total count
                 A         B        C        D         E       F
            +---------+---------+-------+---------+---------+-------
      Total |    1250 |      24 |   1.9 |      87 |       8 |   8.4
            +---------+---------+-------+---------+---------+-------
        D:1 |      22 |       7 |  24.1 |      13 |       4 |  23.5
        D:2 |      92 |       0 |   0.0 |      21 |       0 |   0.0
        D:3 |      32 |      17 |  34.7 |      11 |       4 |  26.7
        D:4 |     305 |       0 |   0.0 |      15 |       0 |   0.0
        D:5 |     596 |       0 |   0.0 |      24 |       0 |   0.0
        D:6 |     203 |       0 |   0.0 |       3 |       0 |   0.0
            +---------+---------+-------+---------+---------+-------
